 Dungeon Sprint DCSS version 0.28.0-53-g5a82cb258f (webtiles) character file.

Game seed: 2756712607446171625

5813 Zeld the Sorcerer (level 10, -26/50 HPs)
             Began as a Deep Elf Conjurer on May 31, 2022.
             Was a High Priest of Sif Muna.
             Annihilated by Agnes
             ... wielding a +0 lajatang of speed
              (38 damage)
             ... in the Dungeon (Sprint IV: "Fedhas' Mad Dash").
             The game lasted 00:04:08 (4476 turns).

Zeld the Sorcerer (Deep Elf Conjurer)               Turns: 4476, Time: 00:04:09

Health: -26/50     AC:  4    Str:  4    XL:     10   Next: 51%
Magic:  4/37       EV: 11    Int: 28    God:    Sif Muna [*****.]
Gold:   41         SH:  0    Dex: 13    Spells: 35/52 levels left

rFire   . . .      SeeInvis .   (no weapon)
rCold   . . .      Faith    .   (no shield)
rNeg    . . .      Spirit   .   a - +1 leather armour {rPois}
rPois   +          Reflect  .   (no helmet)
rElec   .          Harm     .   (no cloak)
rCorr   .          Rampage  .   (no gloves)
Will    +....      NoTele   +   (no boots)
Stlth   +++.......              i - amulet of invisibility {+Inv}
HPRegen 0.16/turn               (no ring)
MPRegen 0.25/turn               (no ring)

@: channelling
A: no striking features
a: Renounce Religion, Evoke Invisibility, Channel Magic, Forget Spell, Divine
Exegesis


You were in the Dungeon.
You worshipped Sif Muna.
Sif Muna was extremely pleased with you.
You visited 1 branch You collected 244 gold pieces.
You spent 203 gold pieces at shops.

Inventory:

Armour
 a - a +1 leather armour of poison resistance (worn)
Jewellery
 i - the amulet of invisibility (around neck) {+Inv}
   (You found it in the Dungeon)

   [amulet of nothing]

   +Inv:      It lets you turn invisible.
Scrolls
 g - a scroll of blinking
 h - a scroll of identify {unknown}
 k - a scroll of vulnerability {unknown}
Potions
 b - a potion of curing
 c - a potion of heal wounds
 d - a potion of haste
 e - 2 potions of magic
 f - a potion of berserk rage
 l - a potion of resistance {unknown}
Miscellaneous
 j - a piece from Xom's chessboard (15/15)


   Skills:
 - Level 2.4 Dodging
 - Level 8.0 Stealth
 * Level 21.7 Spellcasting
 * Level 18.9 Conjurations
 - Level 2.0 Hexes
 - Level 2.0 Translocations
 + Level 2.1 Invocations


You had 35 spell levels left.
You knew the following spells:

 Your Spells              Type           Power      Damage    Failure   Level
a - Magic Dart            Conj           100%       1d8       0%          1
b - Searing Ray           Conj           100%       2d8       0%          2
c - Fulminant Prism       Conj/Hex       36%        3d18      1%          4
d - Iskenderun's Mystic   Conj/Tloc      73%        2d15      1%          4
e - Iron Shot             Conj/Erth      35%        9d7       7%          6

Your spell library contained the following spells:

 Spells                   Type           Power      Damage    Failure   Level
 Conjure Flame            Conj/Fire      70%        6-21      1%          3
 Dazzling Flash           Conj/Hex       100%       N/A       1%          3
 Stone Arrow              Conj/Erth      100%       3d13      1%          3
 Hailstorm                Conj/Ice       70%        3d15      1%          4
 Irradiate                Conj/Tmut      35%        3d25      1%          5
 Iskenderun's Battlesphe  Conj           94%        2d14      1%          5
 Beastly Appendage        Tmut           60%        N/A       2%          1
 Sandblast                Erth           60%        2d14      2%          1
 Passwall                 Tmut/Erth      25%        N/A       3%          2
 Wereblood                Tmut           30%        N/A       3%          2
 Spider Form              Tmut/Pois      30%        N/A       6%          3
 Lehudib's Crystal Spear  Conj/Erth      35%        10d9      96%         8
 Disjunction              Tloc           20%        N/A       100%        8
 Chain Lightning          Conj/Air       35%        3d46      100%        9


Dungeon Overview and Level Annotations

Branches:
Dungeon (1/1)

Altars:
Cheibriados
Dithmenos
Elyvilon
Gozag
Hepliaklqana
Kikubaaqudgha
Makhleb
Nemelex Xobeh
Okawaru
Qazlal
Ru
Sif Muna
Trog
Uskayaw
Vehumet
Wu Jian
Xom
Yredelemnul
Zin
The Shining One
Beogh
Jiyva
Lugonu

Shops:
D :(=[[(

Annotations:
D Agnes


Message History

The spriggan defender is moderately wounded.
Unknown command.
Unknown command.
Casting: Iskenderun's Mystic Blast (safe; 1% risk of failure)
Confirm with . or Enter, or press ? or * to list all spells.
You erupt in a blast of force!
The mystic blast hits the spriggan defender.
The spriggan defender is moderately wounded.
The spriggan defender is knocked back by the mystic blast.
The spriggan defender collides with Agnes!
Agnes is severely wounded.
The spriggan defender is heavily wounded.
Unknown command.
Casting: Iskenderun's Mystic Blast (safe; 1% risk of failure)
Confirm with . or Enter, or press ? or * to list all spells.
You erupt in a blast of force!
The mystic blast hits the spriggan defender!
The spriggan defender is severely wounded.
The spriggan defender is knocked back by the mystic blast.
The spriggan defender collides with Agnes!
Agnes is severely wounded.
The spriggan defender is severely wounded.
Unknown command.
Unknown command.
Casting: Iskenderun's Mystic Blast (safe; 1% risk of failure)
Confirm with . or Enter, or press ? or * to list all spells.
You don't have enough magic to cast this spell.
Unknown command.
Casting: Iskenderun's Mystic Blast (safe; 1% risk of failure)
Confirm with . or Enter, or press ? or * to list all spells.
You don't have enough magic to cast this spell.
You fail to use your ability.
Unknown command.
The spriggan defender hits you with a +6 lajatang of pain!
* * * LOW HITPOINT WARNING * * *
You writhe in agony.
* * * LOW HITPOINT WARNING * * *
Agnes hits you with a +0 lajatang of speed!!!
Ouch! That really hurt!
You die...

#################################
#.⌠._._._._.⌠.#..'..)#....##∩##)#
'.._._._._._..'..#...#....'..##'#
#..._._._._...#..###'##...##∩#..#
#.._._._._._..#.)##∩∩.'...#####.)
#._._._._._.⌠.#################).
###################......###.....
#♣♣♣♣♣..♣.###.'.('.......'.'..)♣.
......♣..♣##..#i@#.......########
♣..♣♣♣.♣).###.##i##......#
.♣♣.)♣...♣'...#♣)♣########
###############... ♣.. .... ♣...
#####


You could see Agnes and a spriggan defender.

Vanquished Creatures
  A spriggan berserker (D)
  A spriggan druid (D)
  6 oklob plants (D)
  A demonic crawler (D)
  3 burning bushes (D)
  A queen bee (D)
  3 wandering mushrooms (D)
  A hornet (D)
  3 scorpions (D)
  4 killer bees (D)
  5 oklob saplings (D)
  5 spriggans (D)
  A river rat (D)
  A rat (D)
  A ballistomycete spore (D)
37 creatures vanquished.

Vanquished Creatures (others)
  10 fulminant prisms (D)
  2 fungi (D)
12 creatures vanquished.

Grand Total: 49 creatures vanquished

Notes
Turn   | Place    | Note
-------+----------+-------------------------------------------
     0 | D        | Zeld the Deep Elf Conjurer began the quest for the Orb.
     0 | D        | Reached XP level 1. HP: 10/10 MP: 6/6
     9 | D        | Reached skill level 4 in Spellcasting
     9 | D        | Reached skill level 5 in Conjurations
     9 | D        | Reached skill level 1 in Hexes
     9 | D        | Reached skill level 1 in Translocations
     9 | D        | Reached XP level 2. HP: 15/15 MP: 1/9
    15 | D        | Learned a level 2 spell: Searing Ray
   391 | D        | Noticed an oklob sapling
   392 | D        | Killed an oklob sapling
   393 | D        | Reached skill level 5 in Spellcasting
   393 | D        | Reached XP level 3. HP: 19/19 MP: 8/12
   824 | D        | Noticed a scorpion
   824 | D        | Found the amulet of invisibility {+Inv}
   827 | D        | Killed a scorpion
   828 | D        | Reached skill level 7 in Spellcasting
   828 | D        | Reached XP level 4. HP: 9/24 MP: 8/15
   842 | D        | Learned a level 4 spell: Fulminant Prism
   847 | D        | Learned a level 4 spell: Iskenderun's Mystic Blast
  1270 | D        | Found an opulent altar of Gozag.
  1270 | D        | Found a hazy altar of Hepliaklqana.
  1270 | D        | Found a burning altar of Makhleb.
  1270 | D        | Found a sparkling altar of Nemelex Xobeh.
  1270 | D        | Found a snail-covered altar of Cheibriados.
  1270 | D        | Found a sacrificial altar of Ru.
  1270 | D        | Found a shimmering blue altar of Sif Muna.
  1270 | D        | Found a shimmering altar of Xom.
  1270 | D        | Found a basalt altar of Yredelemnul.
  1271 | D        | Found a viscous altar of Jiyva.
  1271 | D        | Found a bloodstained altar of Trog.
  1271 | D        | Found an ornate altar of the Wu Jian Council.
  1272 | D        | Found an iron altar of Okawaru.
  1272 | D        | Found a glowing silver altar of Zin.
  1272 | D        | Found a shadowy altar of Dithmenos.
  1273 | D        | Found a hide-covered altar of Uskayaw.
  1273 | D        | Found an ancient bone altar of Kikubaaqudgha.
  1274 | D        | Found a glowing golden altar of the Shining One.
  1274 | D        | Found a stormy altar of Qazlal.
  1274 | D        | Found a white marble altar of Elyvilon.
  1275 | D        | Found a radiant altar of Vehumet.
  1275 | D        | Found a corrupted altar of Lugonu.
  1277 | D        | Became a worshipper of Sif Muna the Loreminder
  1281 | D        | Reached skill level 5 in Stealth
  1281 | D        | Reached skill level 8 in Spellcasting
  1281 | D        | Reached XP level 5. HP: 28/28 MP: 7/18
  1466 | D        | Reached skill level 9 in Spellcasting
  1606 | D        | Reached * piety under Sif Muna
  1607 | D        | Reached skill level 10 in Spellcasting
  1608 | D        | Reached XP level 6. HP: 32/32 MP: 9/21
  1781 | D        | Found Athralehe's Antique Weapon Shop.
  1781 | D        | Found Qomof's Book Emporium.
  1789 | D        | Noticed a burning bush
  1789 | D        | Noticed a wandering mushroom
  1790 | D        | Noticed a wandering mushroom
  1794 | D        | Reached skill level 11 in Spellcasting
  1794 | D        | Reached skill level 10 in Conjurations
  1794 | D        | Killed a wandering mushroom
  1794 | D        | Reached ** piety under Sif Muna
  1795 | D        | Reached skill level 12 in Spellcasting
  1795 | D        | Reached XP level 7. HP: 36/36 MP: 8/25
  1796 | D        | Killed a wandering mushroom
  1797 | D        | Reached skill level 14 in Spellcasting
  2064 | D        | Killed a burning bush
  2170 | D        | Found Numoan's Armour Emporium.
  2170 | D        | Found Ogiasacy's Jewellery Shoppe.
  2211 | D        | Reached *** piety under Sif Muna
  2212 | D        | Reached skill level 15 in Spellcasting
  2277 | D        | Noticed a queen bee
  2284 | D        | Reached XP level 8. HP: 41/41 MP: 24/29
  2286 | D        | Killed a queen bee
  2286 | D        | Reached **** piety under Sif Muna
  2287 | D        | Reached skill level 16 in Spellcasting
  2370 | D        | Noticed an oklob plant
  2378 | D        | Killed an oklob plant
  2379 | D        | Reached skill level 17 in Spellcasting
  2459 | D        | Noticed a burning bush
  2471 | D        | Killed a burning bush
  2472 | D        | Reached skill level 15 in Conjurations
  2606 | D        | Noticed a burning bush
  2606 | D        | Noticed an oklob plant
  2735 | D        | Noticed a wandering mushroom
  2740 | D        | Killed a burning bush
  2741 | D        | Reached XP level 9. HP: 28/45 MP: 10/32
  2797 | D        | Reached ***** piety under Sif Muna
  2798 | D        | Reached skill level 18 in Spellcasting
  2950 | D        | Received a gift from Sif Muna
  2960 | D        | Killed an oklob plant
  2962 | D        | Got Miechaek's Papyrus of the Frostbite and Combat Magic
                  | {god gift}
  3052 | D        | Noticed a spriggan druid
  3054 | D        | Killed a spriggan druid
  3055 | D        | Reached skill level 19 in Spellcasting
  3287 | D        | Noticed an oklob plant conjurer
  3293 | D        | Killed an oklob plant conjurer
  3599 | D        | Noticed an oklob plant
  3599 | D        | Noticed an oklob plant summoner
  3604 | D        | Noticed an oklob plant shifter
  3827 | D        | Killed an oklob plant shifter
  3828 | D        | Reached skill level 20 in Spellcasting
  3830 | D        | Killed an oklob plant
  3830 | D        | Killed an oklob plant summoner
  3831 | D        | Reached XP level 10. HP: 50/50 MP: 19/36
  3917 | D        | Reached skill level 21 in Spellcasting
  4242 | D        | Noticed a spriggan rider
  4243 | D        | Found Neggoiwk's Antique Armour Emporium.
  4248 | D        | Received a gift from Sif Muna
  4252 | D        | Got Sif Muna's Almanac of Warped Conjuration {god gift}
  4254 | D        | Found Nimuiske's Weapon Shoppe.
  4260 | D        | Bought a crude leather armour for 203 gold pieces
  4260 | D        | Identified the +3 leather armour "Biar Omn" {rC+ MP+9 Str+2
                  | Int-5} (You bought it in a shop in the Dungeon)
  4456 | D        | Learned a level 6 spell: Iron Shot
  4456 | D        | Noticed Agnes
  4465 | D        | Noticed a spriggan berserker
  4469 | D        | Noticed a spriggan defender
  4471 | D        | Killed a spriggan berserker
  4476 | D        | Annihilated by Agnes

Illustrated notes

Levels and vault maps discovered:
D:        dungeon_sprint_fedhas [sprint_temple]

Skill      XL: |  1  2  3  4  5  6  7  8  9 10 |
---------------+-------------------------------+-----
Spellcasting   | 4 5 7 8 10 12 15 17 20 21 | 21.7
Conjurations   | 5 6 7 8 9 11 13 15 18 | 18.9
Hexes          | 1 2 |  2.0
Translocations | 1 2 |  2.0
Stealth        | 4 5 6 8 |  8.0
Invocations    | 2 |  2.1
Dodging        | |  2.4

Action                   |  1- 3 |  4- 6 |  7- 9 | 10-12 || total
-------------------------+-------+-------+-------+-------++-------
 Cast: Magic Dart        |     6 |       |       |       ||     6
       Searing Ray       |     2 |     3 |    13 |       ||    18
       Fulminant Prism   |       |     1 |     8 |     1 ||    10
       Iskenderun's Myst |       |     5 |    25 |    18 ||    48
Invok: Channel Magic     |       |       |       |     1 ||     1
 Abil: Evoke Invisibilit |       |     4 |    10 |       ||    14
Armor: Leather armour    |       |       |       |     3 ||     3
Dodge: Dodged            |     2 |       |     2 |     7 ||    11
